 Dungeon Crawl Stone Soup version 0.29.1-2-gbd0b4ee654 (webtiles) character file.

Game seed: 15093413977345615771

63 RascalDebosk the Magician (level 4, -2/33 HPs)
             Began as a Djinni Air Elementalist on Oct 27, 2022.
             Slain by a gnoll
             ... wielding a +0 flail
              (6 damage)
             ... on level 2 of the Dungeon.
             The game lasted 00:10:04 (1715 turns).

RascalDebosk the Magician (Djinni Air Elementalist) Turns: 1715, Time: 00:10:05

Health: -2/33      AC:  2    Str:  7    XL:     4   Next: 30%
Gold:   28         EV: 12    Int: 19    God:
                   SH:  0    Dex: 13

rFire   + + .      SeeInvis .   s - +2 dagger (venom)
rCold   x . .      Faith    .   (no shield)
rNeg    . . .      Spirit   .   a - +0 robe
rPois   ∞          Reflect  .   (no helmet)
rElec   .          Harm     .   (no cloak)
rCorr   .          Rampage  .   (no gloves)
Will    .....                   (boots unavailable)
Stlth   ++........              (no amulet)
HPRegen 0.11/turn               (no ring)
MPRegen 0.00/turn               (no ring)

@: flying
A: sickness immunity, fire resistance 2, cold vulnerability 1, float, innate
caster, HP casting, extra vitality 1
a: no special abilities


You were on level 2 of the Dungeon.
You visited 1 branch of the dungeon, and saw 2 of its levels.

You collected 28 gold pieces.

Inventory:

Hand Weapons
 s - a +2 dagger of venom (weapon)
Armour
 a - a +0 robe (worn)
 b - a +3 scale mail
Scrolls
 e - a scroll of identify {unknown}
 f - a scroll of blinking {unknown}
Potions
 c - a potion of flight {unknown}
 d - a potion of curing {unknown}


   Skills:
 + Level 1.8 Fighting
 - Level 2.1 Dodging
 - Level 1.5 Stealth
 * Level 3.4 Spellcasting


You couldn't memorise any spells.
You knew the following spells:

 Your Spells              Type           Power      Damage    Failure   Level
a - Shock                 Conj/Air       64%        1d7       3%          1
b - Static Discharge      Conj/Air       16%        3-5/arc   5%          2
c - Swiftness             Air            16%        N/A       11%         3
d - Airstrike             Air            8%         2d(2-18)  34%         4
e - Foxfire               Conj/Fire      64%        2x1d7     3%          1
Your spell library was empty.

Dungeon Overview and Level Annotations

Branches:
Dungeon (2/15)

Altars:

Shops:
D:1 (


Innate Abilities, Weirdness & Mutations

You are immune to sickness and miasma.
You are immune to poison.
Your flesh is very heat resistant. (rF++)
You are vulnerable to cold. (rC-)
You float through the air rather than walking.
You learn spells naturally, not from books.
Your magical power is your life essence.
You have superior vitality. (+4 MHP)


Message History

Found an escape hatch in the ceiling.
The foxfire hits the gnoll.
The gnoll is moderately wounded.
The foxfire hits the gnoll.
The gnoll is heavily wounded.
Aiming: Shock (safe; 4% risk of failure)
Press: ? - help, Q - select action, (/) - cycle Shift-Dir - straight line, f - gnoll
Aim: a gnoll, wielding a +0 club (heavily wounded, 75% to hit)
The zap hits the gnoll.
The gnoll is heavily wounded.
The gnoll shouts!
You hear a shout!
Aiming: Shock (safe; 4% risk of failure)
Press: ? - help, Q - select action, (/) - cycle Shift-Dir - straight line, f/p - gnoll
Aim: a gnoll, wielding a +0 club (heavily wounded, 75% to hit)
The zap hits the gnoll.
The gnoll is almost dead.
The zap hits the gnoll.
The gnoll is moderately wounded.
A quokka comes into view.
Aiming: Shock (safe; 4% risk of failure)
Press: ? - help, Q - select action, (/) - cycle Shift-Dir - straight line, f/p - gnoll
Aim: a gnoll, wielding a +0 club (almost dead, 75% to hit)
That beam is likely to hit you.
Continue anyway?
The zap misses the gnoll.
The zap hits the gnoll.
You kill the gnoll!
The zap misses you.
You have reached level 4!
You feel clever.
Aiming: Shock (safe; 3% risk of failure)
Press: ? - help, Q - select action, (/) - cycle Shift-Dir - straight line, f - gnoll
Aim: a gnoll, wielding a +0 spear and quivering stones (lightly wounded, 75% to hit)
The zap hits the gnoll.
The gnoll is moderately wounded.
The zap hits the quokka.
The quokka is moderately wounded.
The gnoll throws a stone.
The stone barely misses you.
Aiming: Shock (safe; 3% risk of failure)
Press: ? - help, Q - select action, (/) - cycle Shift-Dir - straight line, f/p - gnoll
Aim: a gnoll, wielding a +0 spear and quivering stones (moderately wounded, 75% to hit)
The zap hits the gnoll.
The gnoll is heavily wounded.
The zap misses the quokka.
A gnoll comes into view. It is wielding a +0 flail.
Aiming: Shock (safe; 3% risk of failure)
Press: ? - help, Q - select action, (/) - cycle Shift-Dir - straight line, f/p - gnoll
Aim: a gnoll, wielding a +0 spear and quivering stones (heavily wounded, 75% to hit)
The zap hits the gnoll but does no damage.
The gnoll is heavily wounded.
The gnoll shouts!
The gnoll closely misses you.
Aiming: Shock (safe; 3% risk of failure)
Press: ? - help, Q - select action, (/) - cycle Shift-Dir - straight line, f/p - gnoll
Aim: a gnoll, wielding a +0 spear and quivering stones (heavily wounded, 75% to hit)
The zap misses the gnoll.
The zap hits the quokka.
The quokka is severely wounded.
The quokka twitches its whiskers.
The gnoll hits you from afar with a +0 spear.
The quokka closely misses you. The gnoll hits you with a +0 spear!
* * * LOW HITPOINT WARNING * * *
Casting: Shock (safe; 3% risk of failure)
Confirm with . or Enter, or press ? or * to list all spells.
The gnoll is struck by an arc of lightning.
The gnoll is severely wounded.
You are struck by an arc of lightning.
* * * LOW HITPOINT WARNING * * *
The gnoll is struck by an arc of lightning.
You kill the gnoll!
You are struck by an arc of lightning.
* * * LOW HITPOINT WARNING * * *
The lightning grounds out.
The quokka is struck by an arc of lightning!
You kill the quokka!
You are struck by an arc of lightning.
* * * LOW HITPOINT WARNING * * *
* * * LOW HITPOINT WARNING * * *
Found a scroll labelled ZOT NAG VITZ and 7 gold pieces.
A worm comes into view.
Found a stone staircase leading down.
You see here a scroll labelled ZOT NAG VITZ.
There is a stone staircase leading down here.
Found an escape hatch in the floor.
Found a metallic brown potion.
Casting: Static Discharge (safe; 5% risk of failure)
Confirm with . or Enter, or press ? or * to list all spells.
The spell is quite dangerous to miscast (11% risk of failure)!
Continue anyway?
You feel quick.
* * * LOW HITPOINT WARNING * * *
Found a stone staircase leading up.
A kobold comes into view. It is wielding a +0 dagger.
There is an escape hatch in the floor here.
A bat comes into view. x2
The bat moves out of view.
The kobold throws a stone.
The stone barely misses you.
You start to feel a little slower.
You feel sluggish.
You start to feel a little faster.
There is a stone staircase leading up here.
You no longer feel sluggish.
The gnoll hits you with a +0 flail.
You die...

# #........ # # ##........
#### #.# #..####### .K.## #...
#.## ##..### #..##.## ....K.##
#...).## ###.#..#####
###)†#..######### #.##.....##
##...##..........#
#..#####..###g@####..........#
....# ##...K.....#..........#
###..........<...............#
#..######.#######..........#
..###...# #..........# #
#.....### #####...####
#.####..### ###....#
#........# ####.#
##......#.### #.#


You could see a gnoll and a kobold.

Vanquished Creatures
  An adder (D:2)
  2 gnolls (D:2)
  2 dart slugs (D:1)
  An endoplasm (D:1)
  3 goblins
  4 hobgoblins (D:1)
  2 kobolds (D:1)
  2 quokkas
  2 ball pythons (D:1)
  3 bats
  5 frilled lizards (D:1)
  4 rats (D:1)
31 creatures vanquished.

Vanquished Creatures (others)
  7 foxfires
7 creatures vanquished.

Grand Total: 38 creatures vanquished

Notes
Turn   | Place    | Note
-------+----------+-------------------------------------------
     0 | D:1      | RascalDebosk the Djinni Air Elementalist began the quest
                  | for the Orb.
     0 | D:1      | RascalDebosk set off with the following spells memorised:
                  | Shock, Static Discharge, Swiftness, Airstrike.
     0 | D:1      | Reached XP level 1. HP: 15/15 MP: 0/0
   372 | D:1      | Reached XP level 2. HP: 21/22 MP: 0/0
   382 | D:1      | Reached skill level 1 in Fighting
   807 | D:1      | Reached XP level 3. HP: 22/27 MP: 0/0
   807 | D:1      | Learned a level 1 spell: Foxfire
   990 | D:1      | Found Oluatreb's Antique Weapon Shop.
   999 | D:1      | Reached skill level 3 in Spellcasting
  1649 | D:2      | Reached XP level 4. HP: 28/33 MP: 0/0
  1654 | D:2      | HP: 1/33 [/static electricity (2)]
  1715 | D:2      | Slain by a gnoll

Illustrated notes

Levels and vault maps discovered:
D:1:      dpeg_arrival_leaves_temple_mockup, layout_loops_ring, serial_shops,
          nicolae_shop_hallway_plus, minmay_lizard_pond
D:2:      layout_rooms

Skill      XL: |  1  2  3 |
---------------+----------+-----
Fighting       | 1 |  1.8
Spellcasting   | 3 |  3.4
Dodging        | |  2.1
Stealth        | |  1.5

Action                   |  1- 3 |  4- 6 || total
-------------------------+-------+-------++-------
 Cast: Shock             |    62 |     4 ||    66
       Foxfire           |     4 |       ||     4
       Swiftness         |       |     1 ||     1
       Static Discharge  |       |     1 ||     1
Armor: Robe              |     3 |       ||     3
Dodge: Dodged            |    12 |     4 ||    16
